 Dungeon Crawl Stone Soup version 0.30.1-11-g7821555f0a (webtiles) character file.

Game seed: 11242135491969299337

32 NobleDraconian the Twirler (level 3, -3/29 HPs)
             Began as a Draconian Gladiator on Nov 11, 2023.
             Frozen to death by an endoplasm (4 damage)
             ... on level 3 of the Dungeon.
             The game lasted 00:02:27 (596 turns).

NobleDraconian the Twirler (Draconian Gladiator)     Turns: 596, Time: 00:02:27

Health: -3/29      AC:  5    Str: 16    XL:     3   Next: 10%
Magic:  3/3        EV: 12    Int: 10    God:
Gold:   52         SH:  0    Dex: 12    Spells: 1/3 levels left

rFire   + . .        a - +0 quarterstaff
rCold   x . .        (shield currently unavailable)
rNeg    . . .        (body armour unavailable)
rPois   .            b - +0 hat
rElec   .            (no cloak)
rCorr   .            (no gloves)
SInv    .            (no boots)
Will    .....        g - amulet of magic regeneration
Stlth   +            h - ring of fire
HPRegen 0.24/turn    (no ring)
MPRegen 0.48/turn

%: no passive effects
@: lethally poisoned (-3 -> -4), attractive, slowed, very slow
A: AC +5, unfitting armour, cold-blooded
a: no special abilities


You were on level 3 of the Dungeon.
You visited 1 branch of the dungeon, and saw 3 of its levels.

You collected 52 gold pieces.

Inventory:

Hand Weapons
 a - a +0 quarterstaff (weapon)
Missiles
 c - 3 throwing nets (quivered)
 d - a javelin
 l - 5 poisoned darts
Armour
 b - a +0 hat (worn)
Jewellery
 g - an amulet of magic regeneration (around neck)
 h - a ring of fire (left hand)
Scrolls
 f - a scroll of fear {unknown}
 i - a scroll of enchant weapon {unknown}
 m - a scroll of identify {unknown}
Potions
 e - a potion of curing {unknown}


   Skills:
 * Level 2.3 Fighting
 * Level 0.4(2.1) Polearms
 * Level 3.4 Staves
 * Level 1.9 Throwing
 * Level 3.0 Dodging
 * Level 0.4 Stealth
 * Level 0.5 Spellcasting


You had one spell level left.
You knew the following spells:

 Your Spells              Type           Power      Damage    Failure   Level
a - Poisonous Vapours     Pois/Air       0%         N/A       47%         2

Your spell library contained the following spells:

 Spells                   Type           Power      Damage    Failure   Level
 Call Canine Familiar     Summ           0%         N/A       73%         3
 Mephitic Cloud           Conj/Pois/Air  0%         N/A       73%         3
 Portal Projectile        Hex/Tloc       0%         N/A       73%         3
 Leda's Liquefaction      Hex/Erth       0%         N/A       98%         4
 Freezing Cloud           Conj/Ice/Air   0%         6-21      100%        5


Dungeon Overview and Level Annotations

Branches:
Dungeon (3/15)

Altars:
Fedhas


Innate Abilities, Weirdness & Mutations

Your plain brown scales are hard. (AC +5)
You cannot fit into any form of body armour.
You are cold-blooded and may be slowed by cold attacks.


Message History

* * * LOW HITPOINT WARNING * * *
The goblin hits you but does no damage.
You are more poisoned.
It was a potion of attraction.
You feel attractive to monsters.
* * * LOW HITPOINT WARNING * * *
You feel very sick.
The endoplasm hits you but does no damage.
The goblin completely misses you.
It was a potion of heal wounds.
You feel much better.
You feel very sick. The endoplasm closely misses you.
The goblin closely misses you.
You barely miss the goblin.
The goblin is severely wounded.
You feel very sick.
The endoplasm hits you but does no damage.
The goblin closely misses you.
You closely miss the goblin.
The goblin is severely wounded.
You feel sick. The endoplasm misses you. The goblin barely misses you.
You barely miss the goblin.
The goblin is severely wounded.
You feel sick. The endoplasm barely misses you. The goblin barely misses you.
You hit the goblin.
You kill the goblin!
You feel sick. The endoplasm freezes you.
You are frozen!
You feel a terrible chill!
You feel yourself slow down.
Unknown command.
You barely miss the endoplasm.
You feel sick. The endoplasm barely misses you. The endoplasm freezes you.
You are frozen!
You feel a terrible chill!
* * * LOW HITPOINT WARNING * * *
You feel as though you will be slow longer.
You completely miss the endoplasm.
* * * LOW HITPOINT WARNING * * *
You feel sick. The endoplasm freezes you.
You are frozen.
You feel a terrible chill!
You die...

#...
#...
#...
#...##
#....##
#.....
#..J)#
#...@#
#....#
#....#
####.#
#.# #.#
#.# #.#
#.#


You could see an endoplasm.

Vanquished Creatures
  An adder (D:2)
  A worm (D:2)
  A dart slug (D:2)
  A bat (D:1)
  An endoplasm (D:2)
  2 giant cockroaches (D:1)
  4 hobgoblins
  3 ball pythons
  A frilled lizard (D:1)
  A goblin (D:3)
  A kobold (D:2)
  A rat (D:2)
18 creatures vanquished.

Notes
Turn   | Place    | Note
-------+----------+-------------------------------------------
     0 | D:1      | NobleDraconian the Draconian Gladiator began the quest for
                  | the Orb.
     0 | D:1      | Reached XP level 1. HP: 17/17 MP: 1/1
    82 | D:1      | Reached XP level 2. HP: 21/24 MP: 2/2
   287 | D:2      | Found a faded altar of an unknown god.
   297 | D:2      | Found a blossoming altar of Fedhas.
   513 | D:2      | Reached XP level 3. HP: 24/29 MP: 3/3
   516 | D:2      | Learned a level 2 spell: Poisonous Vapours
   596 | D:3      | HP: 1/29 [poisoned by a goblin]
   596 | D:3      | Frozen to death by an endoplasm

Illustrated notes

Levels and vault maps discovered:
D:1:      psy_arrival_dodecagon, layout_loops_cross
D:2:      layout_basic, nicolae_ecumenical_lake_church, basic_altar,
          serial_shops, shop, nicolae_shop_stone, uniq_jessica
D:3:      layout_rooms, marbit_many_paths

Skill      XL: |  1  2 |
---------------+-------+-----
Dodging        | 3 |  3.0
Fighting       | |  2.3
Polearms       | |  0.4
Staves         | |  3.4
Throwing       | |  1.9
Stealth        | |  0.4
Spellcasting   | |  0.5

Action                     || total
---------------------------++-------
  Melee: Quarterstaff      ||    54
         Tailslap          ||     3
    Use: Potion            ||     2
   Stab: Sleeping          ||     1
 Armour: Skin              ||    16
  Dodge: Dodged            ||    36
